 Dungeon Crawl Stone Soup version 0.21.1-1-g345015f (webtiles) character file.

330 empire the Slasher (level 6, 0/52 HPs)
             Began as a Minotaur Fighter on May 29, 2018.
             Was an Initiate of Cheibriados.
             Killed by divine providence
             ... invoked by an orc priest
              (9 damage)
             ... on level 5 of the Dungeon.
             The game lasted 00:07:18 (3292 turns).

empire the Slasher (Minotaur Fighter)               Turns: 3292, Time: 00:07:19

Health: 0/52       AC: 12    Str: 28    XL:     6   Next: 26%
Magic:  14/14      EV:  6    Int:  6    God:    Cheibriados [......]
Gold:   256        SH:  0    Dex: 11    Spells: 5/5 levels left

rFire    + . .     SeeInvis .   a - +1 long sword
rCold    . . .     Gourm    .   c - +1 shield
rNeg     . . .     Faith    .   q - +0 chain mail
rPois    .         Spirit   .   (helmet restricted)
rElec    .         Reflect  .   (no cloak)
rCorr    .         Harm     .   v - +1 pair of gloves of the Stag {rF+}
MR       .....                  (no boots)
Stlth    ..........             (no amulet)
HPRegen  0.17/turn              l - ring of flight
MPRegen  0.14/turn              o - ring of magical power

@: confused, mighty, very slow
A: retaliatory headbutt, horns 2
a: Bend Time, Renounce Religion, Evoke Flight


You were on level 5 of the Dungeon.
You worshipped Cheibriados.
Cheibriados was noncommittal.
You were hungry.

You visited 1 branch of the dungeon, and saw 5 of its levels.

You collected 256 gold pieces.

Inventory:

Hand Weapons
 a - a +1 long sword (weapon)
 b - a +2 hand axe of pain
Missiles
 g - 8 javelins (quivered)
Armour
 c - a +1 shield (worn)
 q - a +0 chain mail (worn)
 v - the +1 pair of gloves of the Stag (worn) {rF+}
   (You found it on level 5 of the Dungeon)

   It protects you from fire.
Jewellery
 l - a ring of flight (left hand)
 o - a ring of magical power (right hand)
Scrolls
 j - a scroll of enchant armour
 n - 2 scrolls of teleportation
 r - 2 scrolls of remove curse
 s - a scroll of amnesia {unknown}
 t - 2 scrolls of identify
 u - a scroll of fear
Potions
 d - a potion of might
 e - 2 potions of berserk rage
 k - a potion of degeneration
 p - 2 potions of flight
Comestibles
 f - 6 rations


   Skills:
 - Level 3.7 Fighting
 * Level 5.9 Long Blades
 + Level 2.8 Throwing
 + Level 5.2 Armour
 - Level 3.7 Shields


You had 5 spell levels left.
You didn't know any spells.

Dungeon Overview and Level Annotations

Branches:
Dungeon (5/15)
 Temple: D:4-7

Altars:
Cheibriados
Dithmenos
Fedhas
Kikubaaqudgha
Zin


Innate Abilities, Weirdness & Mutations

You reflexively headbutt those who attack you in melee.
You have a pair of horns on your head.


Message History

Okay, then.
You're too confused!
Unknown command.
You slash the orc warrior!
You kill the orc warrior!
Cheibriados appreciates the change of pace.
You have reached level 6!
Your experience leads to an increase in your attributes!
Your base attributes are Str 21, Int 5, Dex 10.
Increase (S)trength, (I)ntelligence, or (D)exterity?
You feel stronger. The orc barely misses you.
You bump into the rock wall.
The orc hits you but does no damage.
The orc priest mumbles some strange prayers to Beogh against you.
Beogh smites you!
* * * LOW HITPOINT WARNING * * *
You bump into the rock wall.
The orc barely misses you.
The orc priest invokes the aid of Beogh against you.
Beogh smites you!
You die...

#.## #... #.
#..# . o#
#..## ..#..
#...## oo88.
#.... o...
#..# #..##@# #
#..#o#
##.####.oo#
.##.....###(#
#............#
..#####.#.#.##
#.# #.#..[#
..# #.#.###
#.# #.#.#


You could see an orc priest and 2 orcs.

Vanquished Creatures
  An orc warrior (D:5)
  A bullfrog skeleton (D:4)
  An iguana (D:2)
  A worker ant (D:4)
  10 adders
  4 worms
  2 dart slugs
  A leopard gecko (D:3)
  An orc (D:5)
  A ball python (D:3)
  5 bats
  2 giant cockroaches
  7 goblins
  7 hobgoblins
  2 jackals (D:3)
  2 quokkas (D:3)
  A frilled lizard (D:2)
  5 kobolds
  2 quokka skeletons
  4 rats
  A bush (D:3)
61 creatures vanquished.

Notes
Turn   | Place    | Note
-------+----------+-------------------------------------------
     0 | D:1      | empire the Minotaur Fighter began the quest for the Orb.
     0 | D:1      | Reached XP level 1. HP: 19/19 MP: 0/0
   927 | D:2      | Reached XP level 2. HP: 27/27 MP: 1/1
   995 | D:2      | Found an ancient bone altar of Kikubaaqudgha.
  1142 | D:2      | Reached skill level 1 in Throwing
  1142 | D:2      | Reached XP level 3. HP: 30/33 MP: 2/2
  1614 | D:2      | Reached XP level 4. HP: 22/40 MP: 3/3
  2093 | D:3      | Found a blossoming altar of Fedhas.
  2139 | D:3      | Reached XP level 5. HP: 43/46 MP: 4/4
  2203 | D:3      | Found a snail-covered altar of Cheibriados.
  2213 | D:3      | Found a shadowy altar of Dithmenos.
  2213 | D:3      | Found a glowing silver altar of Zin.
  2286 | D:3      | Became a worshipper of Cheibriados the Contemplative
  2609 | D:4      | Reached skill level 5 in Long Blades
  2868 | D:4      | Reached skill level 5 in Armour
  3174 | D:5      | Entered Level 5 of the Dungeon
  3250 | D:5      | Got a pair of ancient gloves
  3265 | D:5      | Identified the +1 pair of gloves of the Stag {rF+} (You found it on level 5 of the Dungeon)
  3268 | D:5      | Noticed an orc warrior
  3290 | D:5      | Killed an orc warrior
  3290 | D:5      | Reached XP level 6. HP: 9/52 MP: 5/5
  3292 | D:5      | Killed from afar by an orc priest

Skill      XL: |  1  2  3  4  5 |
---------------+----------------+-----
Long Blades    | 3 4 5 |  5.9
Armour         | 4 5 |  5.2
Throwing       | 1 2 |  2.8
Fighting       | |  3.7
Shields        | |  3.7

Action                   |  1- 3 |  4- 6 || total
-------------------------+-------+-------++-------
Melee: Long sword        |    33 |    49 ||    82
       Headbutt          |    14 |    41 ||    55
       Short sword       |   101 |   146 ||   247
  Use: Scroll            |     6 |     6 ||    12
       Potion            |     1 |     3 ||     4
  Eat: Chunk             |     2 |     6 ||     8
Armor: Scale mail        |    35 |     7 ||    42
       Chain mail        |       |    43 ||    43
Dodge: Dodged            |    27 |    21 ||    48
Block: Shield            |    48 |    70 ||   118
       Rpst.: Long sword |     4 |     1 ||     5
